 Dungeon Crawl Stone Soup version 0.22-b1-26-g9dbaab1 (webtiles) character file.

401 Nilihum the Spear-Bearer (level 6, -6/49 HPs)
             Began as a Merfolk Berserker on Aug 7, 2018.
             Was a Priest of Trog.
             Mangled by a worm (10 damage)
             ... on level 4 of the Dungeon.
             The game lasted 00:05:18 (3410 turns).

Nilihum the Spear-Bearer (Merfolk Berserker)        Turns: 3410, Time: 00:05:18

Health: -6/49      AC:  3    Str: 19    XL:     6   Next: 85%
Magic:  6/6        EV: 14    Int:  6    God:    Trog [***...]
Gold:   184        SH:  0    Dex: 14    Spells: 5/5 levels left

rFire    . . .     SeeInvis .   a - +0 spear
rCold    . . .     Gourm    .   (no shield)
rNeg     . . .     Faith    .   b - +0 animal skin
rPois    .         Spirit   .   l - +0 helmet
rElec    .         Reflect  .   (no cloak)
rCorr    .         Harm     .   (no gloves)
MR       .....                  (no boots)
Stlth    ++........             (no amulet)
HPRegen  0.16/turn              (no ring)
MPRegen  0.10/turn              (no ring)

@: berserk cooldown, slowed, very slow
A: change form in water, swift swim, stealthy swim
a: Berserk, Trog's Hand, Renounce Religion


You were on level 4 of the Dungeon.
You worshipped Trog.
Trog was most pleased with you.
You were hungry.

You visited 1 branch of the dungeon, and saw 4 of its levels.

You collected 184 gold pieces.

Inventory:

Hand Weapons
 a - a +0 spear (weapon)
 o - a +2 dagger of holy wrath
   (You took it off Robin on level 3 of the Dungeon)
 p - a +1 trident of venom
   (You found it on level 3 of the Dungeon)
Armour
 b - a +0 animal skin (worn)
 l - a +0 helmet (worn)
   (You found it on level 3 of the Dungeon)
Jewellery
 q - an uncursed ring of protection from magic {unknown}
   (You found it on level 3 of the Dungeon)
Wands
 r - a wand of iceblast (9)
   (You found it on level 3 of the Dungeon)
Scrolls
 d - 2 scrolls of fear {unknown}
 e - 2 scrolls of teleportation {unknown}
 f - a scroll of blinking {unknown}
 g - a scroll of random uselessness {unknown}
 j - 4 scrolls of remove curse {unknown}
 k - a scroll of identify {unknown}
Potions
 h - a potion of mutation {unknown}
 i - a potion of heal wounds {unknown}
 m - a potion of agility {unknown}
 n - a potion of curing
Comestibles
 c - 6 rations
 s - 4 chunks of flesh {@w0}


   Skills:
 + Level 4.3 Fighting
 * Level 8.8 Polearms
 - Level 1.3 Armour
 + Level 4.3 Dodging
 + Level 2.0 Stealth


You had 5 spell levels left.
You didn't know any spells.
Your spell library was empty.

Dungeon Overview and Level Annotations

Branches:
Dungeon (4/15)
 Temple: D:4-7

Altars:
Nemelex Xobeh
Trog


Message History

You regained 2 hp, and now have 42/48 hp.
You feel yourself speed up.
The hound barks!
You hear a shout!
An orc wizard comes into view. It is wielding a dagger.
The hound bites you but does no damage.
You hit the hound.
The orc wizard gestures wildly while chanting.
The orc wizard blinks!
The hound bites you.
You take 5 damage, and have 37/48 hp.
You hit the hound but do no damage.
An orc comes into view. It is wielding a hand axe.
The hound closely misses you.
You hit the hound. The hound closely misses you.
A worm comes into view.
You hit the hound. The hound closely misses you.
You closely miss the hound. The hound bites you.
You take 5 damage, and have 32/48 hp.
You hit the hound but do no damage. The hound bites you.
You take 4 damage, and have 28/48 hp.
You are too injured to fight recklessly!
You are too injured to fight recklessly!
You are too injured to fight recklessly!
You are too injured to fight recklessly!
The hound completely misses you.
A jackal comes into view.
The hound bites you but does no damage.
You recover from your berserk rage.
The hound bites you.
You take 4 damage, and have 25/48 hp.
The hound completely misses you. The orc wizard casts a spell at you.
The magic dart hits you!
You take 8 damage, and have 17/48 hp.
The hound closely misses you. The hound closely misses you.
The orc wizard mumbles some strange words.
The orc wizard seems to speed up.
The hound barely misses you.
There is a stone staircase leading up here.
You closely miss the hound. The hound barely misses you.
You closely miss the hound. The hound bites you.
The orc wizard gestures wildly while chanting.
The orc wizard blinks!
You take 3 damage, and have 15/48 hp.
You closely miss the hound. The hound bites you.
* * * LOW HITPOINT WARNING * * *
The orc closely misses you. The hound bites you.
* * * LOW HITPOINT WARNING * * *
You take 7 damage, and have 8/48 hp.
You hit the hound. You barely miss the hound. The hound bites you.
* * * LOW HITPOINT WARNING * * *
The orc closely misses you.
You take 4 damage, and have 4/48 hp.
You barely miss the orc. The hound misses you.
A red film seems to cover your vision as you go berserk!
You feel yourself moving faster!
You feel mighty!
You are feeling hungry.
The hound bites you but does no damage. The orc closely misses you.
The hound misses you.
You now have 7/72 hp.
You hit the hound.
The orc wizard gestures wildly while chanting.
The orc wizard blinks!
The orc hits you but does no damage. The hound barely misses you.
You puncture the hound!
You kill the hound!
Trog accepts your kill. The orc barely misses you.
You see here a hound corpse.
You feel a strong urge to attack something.
You puncture the orc!
You kill the orc!
Trog accepts your kill.
You puncture the orc wizard!
The orc wizard gestures at you while chanting.
The magic dart hits you!
* * * LOW HITPOINT WARNING * * *
You take 4 damage, and have 3/72 hp.
You hit the orc wizard.
The orc wizard drinks a potion.
The orc wizard is healed!
You puncture the orc wizard! You barely miss the orc wizard.
The orc wizard misses you.
You puncture the orc wizard!
You kill the orc wizard!
Trog accepts your kill.
Trog appreciates your killing of a magic user.
Your Stealth skill increases to level 2!
Things that are here:
a dagger; a robe; an orc corpse You feel a strong urge to attack something.
You are no longer berserk.
You are exhausted.
You feel yourself slow down.
Things that are here:
a dagger; a robe; an orc corpse You now have 3/49 hp.
The worm bites you!
You die...

#..........##..#.#........
##.##.#..#......#.#........
#...#.#..#......).+........
##..#.#.....#..##.#........
#..#.#..#..#..##.#....###
##........[...####
###...##..#..# ###.....#.w#
##.....#.@# #......+..####
#......#†))..#
#......#<....+
#...#####....# #...#
#....'.. #...# #....##.#
#...# #.##.# # ##### #.#
...


You could see a worm.

Vanquished Creatures
  A howler monkey (D:4)
  A hound (D:4)
  An orc priest (D:4)
  2 worker ants (D:4)
  3 orc wizards
  Robin (D:3)
  5 adders
  3 worms (D:2)
  5 dart slugs
  3 orcs
  8 bats
  6 giant cockroaches
  16 goblins
  12 hobgoblins
  6 jackals
  12 kobolds
  2 ball pythons (D:2)
  2 frilled lizards
  A leopard gecko zombie (D:2)
  7 rats
97 creatures vanquished.

Notes
Turn   | Place    | Note
-------+----------+-------------------------------------------
     0 | D:1      | Nilihum the Merfolk Berserker began the quest for the Orb.
     0 | D:1      | Reached XP level 1. HP: 18/18 MP: 1/1
    53 | D:1      | Found a sparkling altar of Nemelex Xobeh.
    64 | D:1      | Reached XP level 2. HP: 18/24 MP: 2/2
   105 | D:1      | Reached skill level 5 in Polearms
   491 | D:1      | Reached XP level 3. HP: 26/29 MP: 3/3
   866 | D:1      | Reached skill level 3 in Dodging
   998 | D:2      | Reached skill level 6 in Polearms
  1225 | D:2      | Reached XP level 4. HP: 31/36 MP: 4/4
  1383 | D:2      | Reached ** piety under Trog
  1394 | D:2      | Found a bloodstained altar of Trog.
  1798 | D:2      | Reached skill level 7 in Polearms
  2238 | D:3      | Reached XP level 5. HP: 42/42 MP: 5/5
  2288 | D:3      | Noticed Robin
  2319 | D:3      | Killed Robin
  2555 | D:3      | Reached skill level 1 in Stealth
  2562 | D:3      | Reached *** piety under Trog
  2567 | D:2      | HP: 9/42 [worm (6)]
  2573 | D:2      | HP: 5/42 [worm (5)]
  2956 | D:3      | Reached skill level 4 in Fighting
  2956 | D:3      | Reached skill level 8 in Polearms
  2989 | D:3      | Reached XP level 6. HP: 48/48 MP: 6/6
  3321 | D:4      | Reached skill level 4 in Dodging
  3391 | D:4      | HP: 12/48 [hound (3)]
  3393 | D:4      | HP: 4/48 [hound (4)]
  3401 | D:4      | HP: 3/72 [orc wizard/magic dart (4)]
  3405 | D:4      | Reached skill level 2 in Stealth
  3410 | D:4      | Mangled by a worm

Skill      XL: |  1  2  3  4  5  6 |
---------------+-------------------+-----
Polearms       | 5 6 7 8 |  8.8
Dodging        | 3 4 |  4.3
Stealth        | 1 2 |  2.0
Fighting       | 4 |  4.3
Armour         | |  1.3

Action                   |  1- 3 |  4- 6 || total
-------------------------+-------+-------++-------
Melee: Spear             |   121 |   260 ||   381
Invok: Berserk           |       |     5 ||     5
 Stab: Sleeping          |     1 |     5 ||     6
  Eat: Chunk             |     1 |     7 ||     8
       Ration            |       |     1 ||     1
Armor: Animal skin       |     9 |    34 ||    43
Dodge: Dodged            |    47 |   106 ||   153

Vault maps used:
D:1:      tarquinn_simple_flora_water_c, nemelex_xobeh_ov_fountains_minmay
D:2:      marbit_many_paths, minmay_joined_circles
D:3:      uniq_robin
D:4:      first_ration, uniq_ijyb, uniq_pikel

Table legend:
 A = Turns spent in this place as a percentage of turns spent in the entire game.
 B = Non-inter-level travel turns spent in this place as a percentage of non-inter-level travel turns spent in the entire game.
 C = Inter-level travel turns spent in this place as a percentage of turns spent in this place.
 D = Turns resting spent in this place as a percentage of non-inter-level travel turns spent in this place.
 E = Turns spent auto-exploring this place as a percentage of non-inter-level travel turns spent in this place.
 F = Non-inter-level travel turns spent in this place divided by the number of levels of this place that you've seen.
                   A       B       C       D       E      F
               +-------+-------+-------+-------+-------+----------------------
         Total | 100.0 | 100.0 |   2.0 |  37.2 |  36.7 | 835.5
       Dungeon | 100.0 | 100.0 |   2.0 |  37.2 |  36.7 | 835.5
               +-------+-------+-------+-------+-------+----------------------

Table legend:
 A = Kills in this place as a percentage of kills in entire the game.
 B = Kills by you in this place as a percentage of kills by you in the entire game.
 C = Kills by friends in this place as a percentage of kills by friends in the entire game.
 D = Other kills in this place as a percentage of other kills in the entire game.
 E = Experience gained in this place as a percentage of experience gained in the entire game.
 F = Experience gained in this place divided by the number of levels of this place that you have seen.
                   A       B       C       D       E      F
               +-------+-------+-------+-------+-------+----------------------
         Total | 100.0 | 100.0 |   N/A |   N/A | 100.0 | 143.2
       Dungeon | 100.0 | 100.0 |   N/A |   N/A | 100.0 | 143.2
               +-------+-------+-------+-------+-------+----------------------
